 Dungeon Crawl Stone Soup version 0.27-a0-1301-g128193abf8 (webtiles) character file.

Game seed: 7514451561214668760

114 funkygono the Shield-Bearer (level 5, 0/42 HPs)
             Began as a Formicid Fighter on June 17, 2021.
             Slain by an orc (5 damage)
             ... on level 3 of the Dungeon.
             The game lasted 00:04:01 (2417 turns).

funkygono the Shield-Bearer (Formicid Fighter)      Turns: 2417, Time: 00:04:02

Health: 0/42       AC:  7    Str: 21    XL:     5   Next: 19%
Magic:  5/5        EV:  8    Int:  8    God:
Gold:   59         SH: 10    Dex: 10    Spells: 4/4 levels left

rFire    . . .     SeeInvis +   a - +0 flail
rCold    . . .     Faith    .   c - +1 kite shield
rNeg     . . .     Spirit   .   b - +0 scale mail
rPois    .         Reflect  .   (helmet unavailable)
rElec    .         Harm     .   (no cloak)
rCorr    .         Rampage  .   (no gloves)
Will     .....                  (no boots)
Stlth    ..........             (no amulet)
HPRegen  0.14/turn              (no ring)
MPRegen  0.09/turn              (no ring)

@: no status effects
A: permanent stasis, dig shafts and tunnels, antennae 3, four strong arms
a: Dig, Shaft Self


You were on level 3 of the Dungeon.
You visited 1 branch of the dungeon, and saw 3 of its levels.

You collected 59 gold pieces.

Inventory:

Hand Weapons
 a - a +0 flail (weapon)
 k - a +0 hunting sling
Armour
 b - a +0 scale mail (worn)
 c - a +1 kite shield (worn)
Magical Staves
 h - a staff of death
Scrolls
 g - a scroll of brand weapon {unknown}
Potions
 d - 2 potions of might
 e - a potion of brilliance {unknown}
 f - a potion of flight
 j - a potion of heal wounds {unknown}
 l - a potion of haste {unknown}


   Skills:
 + Level 3.7 Fighting
 + Level 3.3 Maces & Flails
 + Level 4.0 Armour
 + Level 0.6 Dodging
 + Level 4.5 Shields


You had 4 spell levels left.
You didn't know any spells.
Your spell library was empty.

Dungeon Overview and Level Annotations

Branches:
Dungeon (3/15)

Altars:
Uskayaw

Shops:
D:1 :   D:2 (   D:3 !


Innate Abilities, Weirdness & Mutations

You cannot be hasted, slowed, berserked, paralysed or teleported.
You can dig through walls and to a lower floor.
You have a pair of large antennae on your head. (SInv)
Your four strong arms can wield two-handed weapons with a shield.


Message History

The puff of flame hits you. The orc hits you with a +0 falchion.
The orc hits you but does no damage.
The orc priest casts a cantrip, but nothing happens.
You block the orc's attack.
The orc wizard hits you but does no damage.
You hit the orc priest.
The orc priest is moderately wounded.
You block the orc's attack. The orc priest hits you with a +0 mace.
You block the orc wizard's attack. The orc barely misses you.
You block the orc's attack.
You sock the orc priest!
You kill the orc priest!
The orc hits you but does no damage.
The orc wizard hits you but does no damage.
You block the orc's attack.
Your Armour skill increases to level 4!
You have reached level 5!
You barely miss the orc wizard. The orc hits you with a +0 falchion.
The orc wizard barely misses you. The orc hits you with a +0 mace.
You block the orc wizard's attack. You block the orc's attack.
You hit the orc wizard.
The orc wizard is heavily wounded.
The orc hits you with a +0 mace.
* * * LOW HITPOINT WARNING * * *
You block the orc wizard's attack. You block the orc's attack.
The orc hits you with a +0 mace.
* * * LOW HITPOINT WARNING * * *
You barely miss the orc wizard.
The orc wizard is heavily wounded.
The orc barely misses you. The orc wizard completely misses you.
The orc barely misses you.
You closely miss the orc wizard.
The orc wizard is heavily wounded.
The orc hits you but does no damage.
The orc wizard hits you with a +0 dagger.
* * * LOW HITPOINT WARNING * * *
You block the orc's attack.
The orc wizard hits you but does no damage.
The orc hits you with a +0 falchion.
You die...

....... #........
.......### #......#.
.........### #........
...........#####......#
.......##....#.∩......##
.......##..............#
.......#......<#........
......)#)####...........
.....#o@..##...#........
###.##.oo.........#.8...
#...................
#..................>
#.............#.....
#...........#.#.....
...<.......... #.....
....####.##.### ...# ..
..


You could see an orc wizard (invisible) and 2 orcs.

Vanquished Creatures
  An orc priest (D:3)
  3 adders
  2 worms (D:2)
  2 orcs
  6 ball pythons
  3 bats
  5 endoplasms
  3 giant cockroaches
  4 goblins
  2 hobgoblins (D:2)
  A jackal (D:3)
  6 kobolds
  5 quokkas
  6 rats
49 creatures vanquished.

Notes
Turn   | Place    | Note
-------+----------+-------------------------------------------
     0 | D:1      | funkygono the Formicid Fighter began the quest for the Orb.
     0 | D:1      | Reached XP level 1. HP: 18/18 MP: 1/1
   133 | D:1      | Reached XP level 2. HP: 9/24 MP: 2/2
   713 | D:1      | Reached XP level 3. HP: 28/29 MP: 3/3
   881 | D:1      | Found Sahosium's Book Shoppe.
  1160 | D:2      | Found a hide-covered altar of Uskayaw.
  1313 | D:2      | Found Paocrala's Weapon Boutique.
  1558 | D:2      | Found a faded altar of an unknown god.
  1607 | D:2      | Reached XP level 4. HP: 36/36 MP: 4/4
  2246 | D:3      | Found Cumoniq's Distillery.
  2414 | D:3      | Reached XP level 5. HP: 24/42 MP: 5/5
  2417 | D:3      | Slain by an orc

Illustrated notes

Levels and vault maps discovered:
D:1:      psy_arrival_basics, layout_rooms, serial_shops, shop
D:2:      layout_loops_cross, basic_altar, serial_shops,
          nicolae_shop_behind_doors, ebering_ecumenical_altar_webs
D:3:      layout_rooms, serial_shops, shop, st_stairs_1, serial_park_tiny_pond,
          hangedman_abyss_or_decor_lesser_grid

Skill      XL: |  1  2  3  4 |
---------------+-------------+-----
Shields        | 4 |  4.5
Maces & Flails | 3 |  3.3
Armour         | 4 |  4.0
Fighting       | |  3.7
Dodging        | |  0.6

Action                   |  1- 3 |  4- 6 || total
-------------------------+-------+-------++-------
Melee: Flail             |   126 |    65 ||   191
  Use: Scroll            |     3 |     3 ||     6
Armor: Scale mail        |    49 |    37 ||    86
Dodge: Dodged            |    52 |    22 ||    74
Block: Kite shield       |    77 |    54 ||   131

Table legend: (Time is in decaauts)
 A = Elapsed time spent in this place.
 B = Non-inter-level travel time spent in this place.
 C = Inter-level travel time spent in this place.
 D = Time resting spent in this place.
 E = Time spent auto-exploring this place.
 F = Levels seen in this place.
 G = Mean time per level.
                   A        B        C        D        E       F      G
               +--------+--------+--------+--------+--------+-----+--------+
         Total |   2500 |   2336 |    164 |      0 |   1839 |   3 |  833.3 |
       Dungeon |   2500 |   2336 |    164 |      0 |   1839 |   3 |  833.3 |
               +--------+--------+--------+--------+--------+-----+--------+

Top non-repeatable levels by time:
     D:1: 1051 daAuts
     D:2: 968 daAuts
     D:3: 480 daAuts
